 Dungeon Crawl Stone Soup version 0.30-a0-622-gddc90eaa04 (webtiles) character file.

Game seed: 4019995335865128841

99202 OTABOTABOTAB the Skirmisher (level 16, -17/127 HPs)
             Began as a Gnoll Hunter on Jan 11, 2023.
             Was an Elder of Okawaru.
             Killed from afar by an efreet (25 damage)
             ... with a fireball
             ... on level 13 of the Dungeon.
             The game lasted 00:45:19 (20272 turns).

OTABOTABOTAB the Skirmisher (Gnoll Hunter)         Turns: 20272, Time: 00:45:19

Health: -17/127    AC: 17    Str: 18    XL:     16   Next: 24%
Magic:  31/31      EV: 29    Int: 17    God:    Okawaru [****..]
Gold:   2735       SH:  0    Dex: 27    Spells: 37/37 levels left

rFire   . . .      SeeInvis +    a - +1 shortbow (elec)
rCold   . . .      Faith    .    (shield currently unavailable)
rNeg    . . .      Spirit   .    y - +3 leather armour "Leclywki" {Regen+ Str+7 Int+4}
rPois   .          Reflect  .    i - +2 hat
rElec   .          Harm     .    S - +0 cloak
rCorr   +          Rampage  .    r - +1 pair of gloves of the Old World {rCorr Int+2}
Will    +....                    v - +1 pair of boots
Stlth   ++                       Z - amulet of regeneration
HPRegen 2.01/turn                f - +6 ring of dexterity
MPRegen 0.22/turn                u - ring of see invisible {sInv, !d}

@: confused, heroic, finesse-ful, ambrosia-drunk, hasted, very quick
A: fangs 1, strong nose, distributed training
a: Renounce Religion, Heroism, Finesse


You were on level 13 of the Dungeon.
You worshipped Okawaru.
Okawaru was greatly pleased with you.
You visited 4 branches of the dungeon, and saw 21 of its levels.
You also visited: Ossuary and Ice Cave.

You collected 2735 gold pieces.

Inventory:

Hand Weapons
 a - a +1 shortbow of electrocution (weapon)
   (You acquired it on level 3 of the Dungeon)
 b - a +2 heavy sling
   (You found it on level 4 of the Dungeon)
Armour
 i - a +2 hat (worn)
   (You found it in an ice cave)
 r - the +1 pair of gloves of the Old World (worn) {rCorr Int+2}
   (You found it on level 2 of the Orcish Mines)

   Int:       It affects your intelligence (+2).
   rCorr:     It protects you from acid and corrosion.
 v - a +1 pair of boots (worn)
   (You found it on level 2 of the Dungeon)
 y - the +3 leather armour "Leclywki" (worn) {Regen+ Str+7 Int+4}
   (You found it on level 7 of the Dungeon)

   Str:       It affects your strength (+7).
   Int:       It affects your intelligence (+4).
   Regen:     It increases your rate of health regeneration.
 S - a +0 cloak (worn)
   (You found it on level 1 of the Lair of Beasts)
Jewellery
 c - the ring "Qiorajuk" {Fire Dex+3}
   (You took it off an orc warrior on level 2 of the Orcish Mines)

   [ring of fire]

   It enhances your fire magic.
   Dex:       It affects your dexterity (+3).
   rF:        It protects you from fire.
   rC:        It makes you vulnerable to cold.
 f - a +6 ring of dexterity (left hand)
   (You found it on level 1 of the Dungeon)
 h - a +6 ring of dexterity
   (You found it on level 1 of the Dungeon)
 o - a ring of flight {+Fly, !d}
   (You found it on level 5 of the Lair of Beasts)
 u - a ring of see invisible (right hand) {sInv, !d}
   (You found it on level 1 of the Dungeon)
 A - a +4 ring of protection
   (You found it on level 5 of the Dungeon)
 F - a ring of protection from fire {rF+, !d}
   (You found it on level 4 of the Lair of Beasts)
 N - a ring of positive energy {rN+}
   (You found it on level 4 of the Dungeon)
 W - a ring of willpower
   (You found it on level 9 of the Dungeon)
 X - a ring of resist corrosion
   (You found it on level 11 of the Dungeon)
 Z - an amulet of regeneration (around neck)
   (You found it on level 9 of the Dungeon)
Wands
 d - a wand of digging (14)
   (You found it on level 3 of the Dungeon)
 e - a wand of charming (37)
   (You found it on level 6 of the Dungeon)
 j - a wand of polymorph (4)
   (You found it on level 4 of the Lair of Beasts)
 k - a wand of light (10)
   (You found it on level 2 of the Lair of Beasts)
 q - a wand of flame (79)
   (You found it on level 6 of the Dungeon)
Scrolls
 n - 3 scrolls of butterflies
 p - 2 scrolls of poison {!r}
 t - 7 scrolls of enchant armour
 x - 3 scrolls of fog
 C - 7 scrolls of identify {@r1}
 D - a scroll of blinking {!r}
 E - 3 scrolls of fear
 K - 7 scrolls of immolation {!r}
 L - 3 scrolls of amnesia
 O - a scroll of silence
 Q - a scroll of brand weapon
 V - a scroll of vulnerability {!r!r}
 Y - 9 scrolls of teleportation {@r3}
Potions
 m - 3 potions of magic
 w - 4 potions of attraction {!q}
 z - a potion of heal wounds {unknown}
 B - 8 potions of brilliance
 G - 2 potions of ambrosia {!q}
 H - 3 potions of haste
 I - a potion of invisibility
 M - 4 potions of might
 P - 6 potions of lignification {!q}
 R - 6 potions of resistance
 T - 2 potions of berserk rage {!q}
 U - 6 potions of mutation {!q}
Miscellaneous
 g - a tin of tremorstones (2/2)
   (You found it in an ice cave)
 l - a condenser vane
   (You found it in an ice cave)


   Skills:
 + Level 12.1(17.1) Fighting
 + Level 11.2(16.2) Short Blades
 + Level 11.2(16.2) Long Blades
 + Level 11.2(16.2) Axes
 + Level 11.2(16.2) Maces & Flails
 + Level 11.2(16.2) Polearms
 + Level 11.2(16.2) Staves
 + Level 13.8(18.8) Ranged Weapons
 + Level 11.2(16.2) Throwing
 + Level 11.2(16.2) Armour
 + Level 12.1(17.1) Dodging
 + Level 11.4(16.4) Stealth
 + Level 11.2(16.2) Shields
 + Level 11.2(16.2) Unarmed Combat
 + Level 11.2 Spellcasting
 + Level 9.4 Conjurations
 + Level 9.4 Hexes
 + Level 9.4 Summonings
 + Level 9.4 Necromancy
 + Level 9.4 Translocations
 + Level 9.4 Transmutations
 + Level 9.4 Fire Magic
 + Level 9.4 Ice Magic
 + Level 9.4 Air Magic
 + Level 9.4 Earth Magic
 + Level 9.4 Poison Magic
 + Level 12.1 Invocations
 + Level 11.2 Evocations


You had 37 spell levels left.
You didn't know any spells.
Your spell library contained the following spells:

 Spells                   Type           Power      Damage    Failure   Level
 Magic Dart               Conj           100%       1d8       1%          1
 Cigotuvi's Dreadful Rot  Necr/Pois/Air  82%        N/A       1%          2
 Poisonous Vapours        Pois/Air       82%        N/A       1%          2
 Hailstorm                Conj/Ice       41%        3d10      1%          3
 Ignite Poison            Fire/Tmut/Pois 41%        N/A       1%          3
 Inner Flame              Hex/Fire       41%        N/A       1%          3
 Kindle Blastsparks       Fire/Tloc/Air  82%        2d16      1%          3
 Mephitic Cloud           Conj/Pois/Air  41%        N/A       1%          3
 Dispel Undead            Necr           41%        3d16      1%          4
 Flame Wave               Conj/Fire      41%        2d11      1%          4
 Fulminant Prism          Conj/Hex       20%        3d12      1%          4
 Ice Form                 Ice/Tmut       41%        N/A       1%          4
 Iskenderun's Mystic Bla  Conj/Tloc      41%        2d9       1%          4
 Sticky Flame             Conj/Fire      41%        2d6       1%          4
 Alistair's Intoxication  Tmut/Pois      27%        N/A       4%          5
 Borgnjor's Vile Clutch   Necr/Erth      20%        N/A       4%          5
 Lee's Rapid Deconstruct  Erth           20%        3d12*     4%          5
 Eringya's Noxious Bog    Tmut/Pois      20%        N/A       26%         6
 Ignition                 Fire           20%        3d7       100%        8
 Chain Lightning          Conj/Air       20%        3d27      100%        9
 Fire Storm               Conj/Fire      20%        8d5       100%        9
 Shatter                  Erth           20%        3d18*     100%        9
 Call Imp                 Summ           Unusable   N/A       N/A         2
 Death Channel            Necr           Unusable   N/A       N/A         6
 Simulacrum               Ice/Necr       Unusable   N/A       N/A         6

Dungeon Overview and Level Annotations

Branches:
Dungeon (13/15)            Temple (1/1) D:7            Lair (5/5) D:8
 Shoals (0/4) Lair:3        Snake (0/4) Lair:3        Slime (0/5) Lair:5
    Orc (2/2) D:9             Elf (0/3) Orc:2       Ossuary (visited)
  IceCv (visited)
 Vaults: D:13-14

Altars:
Ashenzari
Cheibriados
Dithmenos
Elyvilon
Gozag
Hepliaklqana
Kikubaaqudgha
Makhleb
Nemelex Xobeh
Okawaru
Qazlal
Ru
Sif Muna
Trog
Uskayaw
Vehumet
Wu Jian
Xom
Yredelemnul
The Shining One
Jiyva
Lugonu

Shops:
D:10 [   Orc:2 [*(*

Portals:
Abyss: Lair:5

Annotations:
D:6 5 runed translucent doors, timneilson's ghost, novice GrFi
D:13 Azrael; Nessos
Lair:5 1 runed translucent door


Innate Abilities, Weirdness & Mutations

You have very sharp teeth.
Your uncanny sense of smell can sniff out nearby items.
Your experience applies equally to all skills.


Message History

Azrael gestures at you.
The bolt of fire hits the efreet.
The efreet completely resists.
The bolt of fire hits the fire elemental.
The fire elemental completely resists.
The bolt of fire misses you.
Fire: a) +1 shortbow (elec)
Aim: a fire elemental (heavily damaged, 73% to hit)
You shoot an arrow.
The arrow closely misses the fire elemental.
The arrow hits the efreet.
The fire elemental barely misses you.
Fire: a) +1 shortbow (elec)
Aim: a fire elemental (heavily damaged, 73% to hit)
You shoot an arrow. The arrow hits the fire elemental!!
You destroy the fire elemental!
Okawaru accepts your kill.
Fire: a) +1 shortbow (elec)
Aim: an efreet, wielding a +3 scimitar of flaming (flame, lightly wounded, 87% to hit)
You shoot an arrow. The arrow hits the efreet.
Fire: a) +1 shortbow (elec)
Aim: an efreet, wielding a +3 scimitar of flaming (moderately wounded, 87% to hit)
You shoot an arrow. The arrow hits the vault guard.
Fire: a) +1 shortbow (elec)
Aim: an efreet, wielding a +3 scimitar of flaming (moderately wounded, 87% to hit)
You shoot an arrow. The arrow hits the vault guard!
Fire: a) +1 shortbow (elec)
Aim: an efreet, wielding a +3 scimitar of flaming (moderately wounded, 87% to hit)
You shoot an arrow. The arrow hits the vault guard!
Fire: a) +1 shortbow (elec)
Aim: an efreet, wielding a +3 scimitar of flaming (moderately wounded, 87% to hit)
You shoot an arrow.
The arrow hits the vault guard but does no damage.
Fire: a) +1 shortbow (elec)
Aim: an efreet, wielding a +3 scimitar of flaming (moderately wounded, 87% to hit)
You shoot an arrow. The arrow hits the vault guard!
Fire: a) +1 shortbow (elec)
Aim: an efreet, wielding a +3 scimitar of flaming (moderately wounded, 87% to hit)
You shoot an arrow. The arrow hits the vault guard.
Lightning courses through the vault guard!
Fire: a) +1 shortbow (elec)
Aim: an efreet, wielding a +3 scimitar of flaming (moderately wounded, 87% to hit)
You shoot an arrow.
The arrow closely misses the vault guard.
The arrow hits the efreet!
Lightning courses through the efreet!
The vault guard is engulfed in blazing flames.
Fire: a) +1 shortbow (elec)
Aim: an efreet, wielding a +3 scimitar of flaming (flame, severely wounded, 87% to hit)
You shoot an arrow.
The arrow hits the vault guard but does no damage.
Fire: a) +1 shortbow (elec)
Aim: an efreet, wielding a +3 scimitar of flaming (flame, severely wounded, 87% to hit)
You shoot an arrow. The arrow hits the vault guard!!
You kill the vault guard!
Okawaru accepts your kill. Azrael gestures at you.
The fireball explodes!
The fireball engulfs you!!
* * * LOW HITPOINT WARNING * * *
You take 20 damage, and have 16/127 hp.
Fire: a) +1 shortbow (elec)
Aim: an efreet, wielding a +3 scimitar of flaming (flame, severely wounded, 87% to hit)
You shoot an arrow.
The arrow hits Azrael but does no damage.
Lightning courses through Azrael!!
Fire: a) +1 shortbow (elec)
Aim: an efreet, wielding a +3 scimitar of flaming (flame, severely wounded, 87% to hit)
You shoot an arrow. The arrow hits Azrael.
Fire: a) +1 shortbow (elec)
Aim: an efreet, wielding a +3 scimitar of flaming (flame, severely wounded, 87% to hit)
You shoot an arrow. The arrow hits Azrael!!
The efreet gestures at you.
The bolt of fire hits Azrael.
Azrael completely resists.
The bolt of fire hits you!!
* * * LOW HITPOINT WARNING * * *
You take 17 damage, and have 1/127 hp.
Fire: a) +1 shortbow (elec)
Aim: an efreet, wielding a +3 scimitar of flaming (flame, severely wounded, 87% to hit)
You shoot an arrow.
The arrow hits Azrael but does no damage.
Lightning courses through Azrael!!
Fire: a) +1 shortbow (elec)
Aim: an efreet, wielding a +3 scimitar of flaming (flame, severely wounded, 87% to hit)
You shoot an arrow. The arrow hits Azrael.
Really quaff
G - 3 potions of ambrosia {!q}?
You are confused.
You feel invigorated. Azrael gestures at you. The sticky flame misses you.
You regained 3 hp, and now have 5/127 hp.
You regained 3 mp, and now have 30/31 mp.
Non-targeted confused fire: a) +1 shortbow (elec) Look: Azrael, wielding a +1 scimitar of flaming (almost dead)
You shoot an arrow.
MP restored: 31 Non-targeted confused fire: a) +1 shortbow (elec) Look: Azrael, wielding a +1 scimitar of flaming (almost dead)
You shoot an arrow. Azrael misses you. The efreet gestures at you.
The fireball explodes!
The fireball engulfs Azrael.
Azrael completely resists.
The fireball engulfs you!!
You die...

#......# #......#
#......# #......#
#..<...##
#.......########
#..............#
#......##......##
###@#####........
#R# ##......##
##R####.......#
#T○H☼..........>
#...E#.#......#.
####.##...#......#
.....#○..........#
##......#########
.○.###E☼#


You could see Azrael, a manticore, a troll and an efreet.

Vanquished Creatures
  3 orc warlords
  3 hydras (Lair:5)
  3 vault guards (D:13)
  4 ogre magi
  A catoblepas (Lair:1)
  20 two-headed ogres
  11 death yaks
  A boulder beetle (D:12)
  Urug (Lair:1)
  4 thrashing horrors (Lair:5)
  Nergalle (Lair:2)
  Lodul (D:11)
  5 skeletal warriors (D:12)
  Pikel (D:8)
  2 bog bodies (IceCv)
  A harpy (Lair:3)
  2 ugly things
  2 large abominations (Lair:5)
  2 orc sorcerers
  A mana viper (shapeshifter) (Lair:5)
  6 orc knights (Orc:2)
  3 cyclopes
  A manticore (D:12)
  18 elephants
  A guardian serpent (shapeshifter) (Lair:5)
  An ice statue (IceCv)
  6 black mambas
  2 gargoyles
  A water nymph (shapeshifter) (Lair:5)
  8 cane toads
  Maggie (D:6)
  A kobold demonologist (D:9)
  9 komodo dragons
  An unseen horror (D:11)
  3 rime drakes
  An efreet (D:13)
  7 trolls
  2 polar bears
  An ancient zyme (Lair:5)
  Grinder (D:4)
  Prince Ribbit (D:8)
  27 blink frogs
  9 dream sheep (Lair:5)
  4 dire elephant simulacra (IceCv)
  A vampire (D:11)
  3 shadows
  A spriggan (Lair:5)
  2 wraiths
  3 ynoxinuls (Lair:5)
  48 yaks
  5 basilisks
  5 fire elementals
  4 wyverns
  3 steam dragons
  A vampire mosquito (D:10)
  3 death yak simulacra (IceCv)
  8 wargs
  A hydra simulacrum (IceCv)
  A harpy simulacrum (IceCv)
  An acid dragon (D:13)
  3 hell hounds (D:13)
  20 water moccasins
  5 sky beasts
  36 orc warriors
  2 ice beasts
  2 black bears
  9 small abominations (Lair:5)
  A black bear (shapeshifter) (Lair:5)
  37 ogres
  11 wolves
  10 centaurs
  2 lemures (D:8)
  13 kobold brigands
  3 phantoms
  11 bullfrogs
  4 gnoll sergeants
  2 water moccasin zombies (Ossuary)
  3 scorpions (D:6)
  3 necrophages
  6 two-headed ogre simulacra (IceCv)
  A cane toad simulacrum (IceCv)
  An elephant simulacrum (IceCv)
  17 killer bees
  4 electric eels (Lair:3)
  3 howler monkeys
  12 orc priests
  2 gnoll boudas
  2 hounds
  A jelly (D:7)
  2 iguanas
  26 orc wizards
  4 spriggan simulacra (IceCv)
  2 polar bear simulacra (IceCv)
  3 troll simulacra (IceCv)
  4 wolf simulacra (IceCv)
  2 mummies (Ossuary)
  Robin (D:2)
  11 gnolls
  5 adders
  8 naga simulacra (IceCv)
  3 shadow imps
  9 white imps
  5 ufetubi
  7 adder zombies (Ossuary)
  2 worms (D:4)
  7 dart slugs
  72 orcs
  5 ball pythons
  10 endoplasms
  3 giant cockroaches
  A gnoll zombie (Ossuary)
  10 goblins
  7 hobgoblins
  7 jackals
  24 kobolds
  5 quokkas
  5 bats
  3 frilled lizards
  3 hobgoblin zombies (Ossuary)
  3 kobold zombies (Ossuary)
  8 orc zombies (Ossuary)
  4 rats
771 creatures vanquished.

Vanquished Creatures (others)
  A slime creature (D:13)
  A human (D:5)
  2 orcs
  7 fungi
  39 plants
50 creatures vanquished.

Grand Total: 821 creatures vanquished

Notes
Turn   | Place    | Note
-------+----------+-------------------------------------------
     0 | D:1      | OTABOTABOTAB the Gnoll Hunter began the quest for the Orb.
     0 | D:1      | Reached XP level 1. HP: 20/20 MP: 1/1
   440 | D:1      | Reached XP level 2. HP: 26/26 MP: 2/2
  1087 | D:2      | Reached XP level 3. HP: 31/31 MP: 3/3
  1099 | D:2      | Noticed Robin
  1101 | D:2      | Reached skill level 1 in Invocations
  1103 | D:2      | Killed Robin
  1107 | D:2      | Reached skill level 1 in Short Blades
  1107 | D:2      | Reached skill level 1 in Long Blades
  1107 | D:2      | Reached skill level 1 in Axes
  1107 | D:2      | Reached skill level 1 in Maces & Flails
  1107 | D:2      | Reached skill level 1 in Polearms
  1107 | D:2      | Reached skill level 1 in Staves
  1107 | D:2      | Reached skill level 1 in Throwing
  1107 | D:2      | Reached skill level 1 in Armour
  1107 | D:2      | Reached skill level 1 in Shields
  1107 | D:2      | Reached skill level 1 in Unarmed Combat
  1107 | D:2      | Reached skill level 1 in Spellcasting
  1107 | D:2      | Reached skill level 1 in Evocations
  1151 | D:2      | Reached XP level 4. HP: 38/38 MP: 5/5
  1253 | D:2      | Reached skill level 1 in Conjurations
  1253 | D:2      | Reached skill level 1 in Hexes
  1253 | D:2      | Reached skill level 1 in Summonings
  1253 | D:2      | Reached skill level 1 in Necromancy
  1253 | D:2      | Reached skill level 1 in Translocations
  1253 | D:2      | Reached skill level 1 in Transmutations
  1253 | D:2      | Reached skill level 1 in Fire Magic
  1253 | D:2      | Reached skill level 1 in Ice Magic
  1253 | D:2      | Reached skill level 1 in Air Magic
  1253 | D:2      | Reached skill level 1 in Earth Magic
  1253 | D:2      | Reached skill level 1 in Poison Magic
  2553 | D:3      | Identified a scroll of acquirement
  2553 | D:3      | Acquired a +1 shortbow of electrocution
  2776 | D:4      | Reached XP level 5. HP: 43/43 MP: 7/7
  2831 | D:4      | Found a snail-covered altar of Cheibriados.
  2865 | D:4      | Noticed Grinder
  2867 | D:4      | Paralysed by Grinder for 4 turns
  2873 | D:4      | Killed Grinder
  2874 | D:4      | Reached skill level 5 in Fighting
  2874 | D:4      | Reached skill level 2 in Short Blades
  2874 | D:4      | Reached skill level 2 in Long Blades
  2874 | D:4      | Reached skill level 2 in Axes
  2874 | D:4      | Reached skill level 2 in Maces & Flails
  2874 | D:4      | Reached skill level 2 in Polearms
  2874 | D:4      | Reached skill level 2 in Staves
  2874 | D:4      | Reached skill level 2 in Throwing
  2874 | D:4      | Reached skill level 2 in Armour
  2874 | D:4      | Reached skill level 5 in Dodging
  2874 | D:4      | Reached skill level 3 in Stealth
  2874 | D:4      | Reached skill level 2 in Shields
  2874 | D:4      | Reached skill level 2 in Unarmed Combat
  2874 | D:4      | Reached skill level 2 in Spellcasting
  2874 | D:4      | Reached skill level 2 in Invocations
  2874 | D:4      | Reached skill level 2 in Evocations
  2874 | D:4      | Reached XP level 6. HP: 51/51 MP: 7/9
  2895 | D:4      | Found a glowing golden altar of the Shining One.
  3071 | D:4      | Reached XP level 7. HP: 56/56 MP: 10/10
  3468 | D:5      | Entered Level 5 of the Dungeon
  3497 | D:5      | Reached skill level 2 in Conjurations
  3497 | D:5      | Reached skill level 2 in Hexes
  3497 | D:5      | Reached skill level 2 in Summonings
  3497 | D:5      | Reached skill level 2 in Necromancy
  3497 | D:5      | Reached skill level 2 in Translocations
  3497 | D:5      | Reached skill level 2 in Transmutations
  3497 | D:5      | Reached skill level 2 in Fire Magic
  3497 | D:5      | Reached skill level 2 in Ice Magic
  3497 | D:5      | Reached skill level 2 in Air Magic
  3497 | D:5      | Reached skill level 2 in Earth Magic
  3497 | D:5      | Reached skill level 2 in Poison Magic
  3503 | D:5      | Reached skill level 7 in Fighting
  3503 | D:5      | Reached skill level 5 in Short Blades
  3503 | D:5      | Reached skill level 5 in Long Blades
  3503 | D:5      | Reached skill level 5 in Axes
  3503 | D:5      | Reached skill level 5 in Maces & Flails
  3503 | D:5      | Reached skill level 5 in Polearms
  3503 | D:5      | Reached skill level 5 in Staves
  3503 | D:5      | Reached skill level 10 in Ranged Weapons
  3503 | D:5      | Reached skill level 5 in Throwing
  3503 | D:5      | Reached skill level 5 in Armour
  3503 | D:5      | Reached skill level 7 in Dodging
  3503 | D:5      | Reached skill level 5 in Stealth
  3503 | D:5      | Reached skill level 5 in Shields
  3503 | D:5      | Reached skill level 5 in Unarmed Combat
  3503 | D:5      | Reached skill level 5 in Spellcasting
  3503 | D:5      | Reached skill level 4 in Conjurations
  3503 | D:5      | Reached skill level 4 in Hexes
  3503 | D:5      | Reached skill level 4 in Summonings
  3503 | D:5      | Reached skill level 4 in Necromancy
  3503 | D:5      | Reached skill level 4 in Translocations
  3503 | D:5      | Reached skill level 4 in Transmutations
  3503 | D:5      | Reached skill level 4 in Fire Magic
  3503 | D:5      | Reached skill level 4 in Ice Magic
  3503 | D:5      | Reached skill level 4 in Air Magic
  3503 | D:5      | Reached skill level 4 in Earth Magic
  3503 | D:5      | Reached skill level 4 in Poison Magic
  3503 | D:5      | Reached skill level 5 in Invocations
  3503 | D:5      | Reached skill level 5 in Evocations
  3503 | D:5      | Reached XP level 8. HP: 67/67 MP: 10/16
  3855 | D:5      | Reached skill level 6 in Stealth
  3863 | D:5      | Reached skill level 6 in Invocations
  4041 | D:5      | Found an ancient bone altar of Kikubaaqudgha.
  4345 | D:6      | Reached XP level 9. HP: 72/72 MP: 17/17
  4411 | D:6      | Found a large runed translucent door.
  4411 | D:6      | Found a large runed translucent door.
  4771 | D:6      | Noticed Maggie
  4780 | D:6      | Killed Maggie
  4908 | D:6      | Found a hazy altar of Hepliaklqana.
  4988 | D:6      | Found a runed translucent gate.
  4988 | D:6      | Found a runed translucent gate.
  4988 | D:6      | Found a runed translucent gate.
  4988 | D:6      | Noticed timneilson's ghost (novice GrFi)
  4991 | D:6      | Identified the +0 chain mail of Ykeiqot {Int+2}
  5439 | D:7      | Reached skill level 6 in Short Blades
  5439 | D:7      | Reached skill level 6 in Long Blades
  5439 | D:7      | Reached skill level 6 in Axes
  5439 | D:7      | Reached skill level 6 in Maces & Flails
  5439 | D:7      | Reached skill level 6 in Polearms
  5439 | D:7      | Reached skill level 6 in Staves
  5439 | D:7      | Reached skill level 6 in Throwing
  5439 | D:7      | Reached skill level 6 in Armour
  5439 | D:7      | Reached skill level 6 in Shields
  5439 | D:7      | Reached skill level 6 in Unarmed Combat
  5439 | D:7      | Reached skill level 6 in Spellcasting
  5439 | D:7      | Reached skill level 6 in Evocations
  5444 | D:7      | Reached skill level 5 in Conjurations
  5444 | D:7      | Reached skill level 5 in Hexes
  5444 | D:7      | Reached skill level 5 in Summonings
  5444 | D:7      | Reached skill level 5 in Necromancy
  5444 | D:7      | Reached skill level 5 in Translocations
  5444 | D:7      | Reached skill level 5 in Transmutations
  5444 | D:7      | Reached skill level 5 in Fire Magic
  5444 | D:7      | Reached skill level 5 in Ice Magic
  5444 | D:7      | Reached skill level 5 in Air Magic
  5444 | D:7      | Reached skill level 5 in Earth Magic
  5444 | D:7      | Reached skill level 5 in Poison Magic
  5444 | D:7      | Reached XP level 10. HP: 69/79 MP: 17/19
  5653 | D:7      | Found a staircase to the Ecumenical Temple.
  5672 | Temple   | Entered the Ecumenical Temple
  5702 | Temple   | Became a worshipper of Warmaster Okawaru
  5736 | D:7      | Identified the +3 leather armour "Leclywki" {Regen+ Str+7
                  | Int+4}
  6247 | D:8      | Noticed Prince Ribbit
  6279 | D:8      | Killed Prince Ribbit
  6279 | D:8      | Reached * piety under Okawaru
  6341 | D:8      | Found an opulent altar of Gozag.
  6387 | D:8      | Found a staircase to the Lair.
  6517 | D:8      | Found a sand-covered staircase.
  6523 | Ossuary  | Entered an ossuary
  6710 | D:8      | Noticed Pikel
  6720 | D:8      | Killed Pikel
  6720 | D:8      | Reached ** piety under Okawaru
  6721 | D:8      | Reached skill level 8 in Fighting
  6721 | D:8      | Reached skill level 8 in Dodging
  6721 | D:8      | Reached skill level 7 in Invocations
  6967 | D:9      | Reached skill level 7 in Stealth
  7041 | D:9      | Noticed a two-headed ogre
  7051 | D:9      | Killed a two-headed ogre
  7052 | D:9      | Reached XP level 11. HP: 75/86 MP: 20/20
  7288 | D:9      | Reached *** piety under Okawaru
  7441 | D:9      | Found a staircase to the Orcish Mines.
  7570 | D:9      | Reached skill level 11 in Ranged Weapons
  7594 | D:9      | Reached skill level 7 in Short Blades
  7594 | D:9      | Reached skill level 7 in Long Blades
  7594 | D:9      | Reached skill level 7 in Axes
  7594 | D:9      | Reached skill level 7 in Maces & Flails
  7594 | D:9      | Reached skill level 7 in Polearms
  7594 | D:9      | Reached skill level 7 in Staves
  7594 | D:9      | Reached skill level 7 in Throwing
  7594 | D:9      | Reached skill level 7 in Armour
  7594 | D:9      | Reached skill level 7 in Shields
  7594 | D:9      | Reached skill level 7 in Unarmed Combat
  7594 | D:9      | Reached skill level 7 in Spellcasting
  7594 | D:9      | Reached skill level 7 in Evocations
  7707 | D:9      | Reached **** piety under Okawaru
  7902 | D:10     | Entered Level 10 of the Dungeon
  7913 | D:10     | Received a gift from Okawaru
  7949 | D:10     | Noticed a two-headed ogre
  7956 | D:10     | Killed a two-headed ogre
  7957 | D:10     | Reached skill level 6 in Conjurations
  7957 | D:10     | Reached skill level 6 in Hexes
  7957 | D:10     | Reached skill level 6 in Summonings
  7957 | D:10     | Reached skill level 6 in Necromancy
  7957 | D:10     | Reached skill level 6 in Translocations
  7957 | D:10     | Reached skill level 6 in Transmutations
  7957 | D:10     | Reached skill level 6 in Fire Magic
  7957 | D:10     | Reached skill level 6 in Ice Magic
  7957 | D:10     | Reached skill level 6 in Air Magic
  7957 | D:10     | Reached skill level 6 in Earth Magic
  7957 | D:10     | Reached skill level 6 in Poison Magic
  8009 | D:10     | Reached skill level 8 in Invocations
  8133 | D:10     | Found Tututusov's Antique Armour Shoppe.
  8399 | D:10     | Noticed a two-headed ogre
  8405 | D:10     | Killed a two-headed ogre
  8406 | D:10     | Reached XP level 12. HP: 94/94 MP: 23/23
  8409 | D:10     | Reached ***** piety under Okawaru
  8488 | D:10     | Reached skill level 8 in Stealth
  8823 | Orc:1    | Entered Level 1 of the Orcish Mines
  8844 | Orc:1    | Reached skill level 9 in Fighting
  8844 | Orc:1    | Reached skill level 9 in Dodging
  8880 | Orc:1    | Received a gift from Okawaru
  8937 | Orc:1    | Paralysed by an orc sorcerer for 5 turns
  9020 | Lair:1   | Entered Level 1 of the Lair of Beasts
  9267 | Lair:1   | Noticed a catoblepas
  9277 | Lair:1   | Killed a catoblepas
  9371 | Lair:1   | Noticed Urug
  9388 | Lair:1   | Killed Urug
  9447 | Lair:1   | Received a gift from Okawaru
  9448 | Lair:1   | Reached skill level 8 in Short Blades
  9448 | Lair:1   | Reached skill level 8 in Long Blades
  9448 | Lair:1   | Reached skill level 8 in Axes
  9448 | Lair:1   | Reached skill level 8 in Maces & Flails
  9448 | Lair:1   | Reached skill level 8 in Polearms
  9448 | Lair:1   | Reached skill level 8 in Staves
  9448 | Lair:1   | Reached skill level 8 in Throwing
  9448 | Lair:1   | Reached skill level 8 in Armour
  9448 | Lair:1   | Reached skill level 8 in Shields
  9448 | Lair:1   | Reached skill level 8 in Unarmed Combat
  9448 | Lair:1   | Reached skill level 8 in Spellcasting
  9448 | Lair:1   | Reached skill level 8 in Evocations
 10189 | Lair:2   | Received a gift from Okawaru
 10197 | Lair:2   | Reached skill level 9 in Invocations
 10343 | Lair:2   | Noticed Nergalle
 10362 | Lair:2   | Killed Nergalle
 10410 | Lair:2   | Noticed a death yak
 10413 | Lair:2   | Noticed a death yak
 10413 | Lair:2   | Noticed a death yak
 10420 | Lair:2   | Killed a death yak
 10433 | Lair:2   | Noticed a death yak
 10438 | Lair:2   | Noticed a death yak
 10443 | Lair:2   | Killed a death yak
 10443 | Lair:2   | Identified the +8 chain mail "Vatwuf" {rC++} (Okawaru
                  | gifted it to you on level 2 of the Lair of Beasts)
 10443 | Lair:2   | Received a gift from Okawaru
 10444 | Lair:2   | Reached skill level 7 in Conjurations
 10444 | Lair:2   | Reached skill level 7 in Hexes
 10444 | Lair:2   | Reached skill level 7 in Summonings
 10444 | Lair:2   | Reached skill level 7 in Necromancy
 10444 | Lair:2   | Reached skill level 7 in Translocations
 10444 | Lair:2   | Reached skill level 7 in Transmutations
 10444 | Lair:2   | Reached skill level 7 in Fire Magic
 10444 | Lair:2   | Reached skill level 7 in Ice Magic
 10444 | Lair:2   | Reached skill level 7 in Air Magic
 10444 | Lair:2   | Reached skill level 7 in Earth Magic
 10444 | Lair:2   | Reached skill level 7 in Poison Magic
 10444 | Lair:2   | Reached XP level 13. HP: 69/101 MP: 18/25
 11159 | Lair:3   | HP: 22/102 [black mamba (7)]
 11161 | Lair:3   | Reached skill level 12 in Ranged Weapons
 11228 | Lair:3   | Found a staircase to the Snake Pit.
 11287 | Lair:3   | Reached skill level 9 in Stealth
 11295 | Lair:3   | HP: 11/103 [komodo dragon (17)]
 11304 | Lair:3   | HP: 21/103 [blink frog (3)]
 11379 | Lair:3   | Found a staircase to the Shoals.
 11554 | Lair:3   | Reached skill level 10 in Fighting
 11554 | Lair:3   | Reached skill level 10 in Dodging
 11668 | Lair:3   | HP: 19/103 [rime drake/icy flash freeze (9)]
 11674 | Lair:3   | HP: 21/103 [rime drake/icy flash freeze (13)]
 11682 | Lair:3   | Found a frozen archway.
 11688 | IceCv    | Entered an ice cave
 12153 | IceCv    | Reached skill level 9 in Short Blades
 12153 | IceCv    | Reached skill level 9 in Long Blades
 12153 | IceCv    | Reached skill level 9 in Axes
 12153 | IceCv    | Reached skill level 9 in Maces & Flails
 12153 | IceCv    | Reached skill level 9 in Polearms
 12153 | IceCv    | Reached skill level 9 in Staves
 12153 | IceCv    | Reached skill level 9 in Throwing
 12153 | IceCv    | Reached skill level 9 in Armour
 12153 | IceCv    | Reached skill level 9 in Shields
 12153 | IceCv    | Reached skill level 9 in Unarmed Combat
 12153 | IceCv    | Reached skill level 9 in Spellcasting
 12153 | IceCv    | Reached skill level 9 in Evocations
 12304 | IceCv    | Identified the +0 chain mail "Ziuseobo" {+Blink Dex+7}
                  | (Okawaru gifted it to you in an ice cave)
 12304 | IceCv    | Received a gift from Okawaru
 12331 | IceCv    | HP: 18/103 [dire elephant simulacrum (9)]
 12335 | IceCv    | HP: 4/103 [death yak simulacrum (10)]
 12704 | Lair:3   | HP: 18/103 [death yak (15)]
 12721 | Lair:3   | Reached skill level 10 in Invocations
 12725 | Lair:3   | HP: 18/103 [death yak (13)]
 12728 | Lair:3   | HP: 8/103 [death yak (15)]
 12742 | Lair:3   | HP: 14/104 [death yak (15)]
 12747 | Lair:3   | HP: 9/104 [death yak (12)]
 12766 | Lair:3   | HP: 26/104 [yak (8)]
 13148 | Lair:3   | Reached XP level 14. HP: 110/111 MP: 27/27
 14546 | Lair:5   | Entered Level 5 of the Lair of Beasts
 14565 | Lair:5   | Reached skill level 8 in Conjurations
 14565 | Lair:5   | Reached skill level 8 in Hexes
 14565 | Lair:5   | Reached skill level 8 in Summonings
 14565 | Lair:5   | Reached skill level 8 in Necromancy
 14565 | Lair:5   | Reached skill level 8 in Translocations
 14565 | Lair:5   | Reached skill level 8 in Transmutations
 14565 | Lair:5   | Reached skill level 8 in Fire Magic
 14565 | Lair:5   | Reached skill level 8 in Ice Magic
 14565 | Lair:5   | Reached skill level 8 in Air Magic
 14565 | Lair:5   | Reached skill level 8 in Earth Magic
 14565 | Lair:5   | Reached skill level 8 in Poison Magic
 14660 | Lair:5   | Received a gift from Okawaru
 14661 | Lair:5   | Reached skill level 10 in Stealth
 15186 | Lair:5   | Received a gift from Okawaru
 15218 | Lair:5   | Reached skill level 11 in Fighting
 15218 | Lair:5   | Reached skill level 11 in Dodging
 15226 | Lair:5   | Reached skill level 10 in Short Blades
 15226 | Lair:5   | Reached skill level 10 in Long Blades
 15226 | Lair:5   | Reached skill level 10 in Axes
 15226 | Lair:5   | Reached skill level 10 in Maces & Flails
 15226 | Lair:5   | Reached skill level 10 in Polearms
 15226 | Lair:5   | Reached skill level 10 in Staves
 15226 | Lair:5   | Reached skill level 10 in Throwing
 15226 | Lair:5   | Reached skill level 10 in Armour
 15226 | Lair:5   | Reached skill level 10 in Shields
 15226 | Lair:5   | Reached skill level 10 in Unarmed Combat
 15226 | Lair:5   | Reached skill level 10 in Spellcasting
 15226 | Lair:5   | Reached skill level 10 in Evocations
 15312 | Lair:5   | Reached skill level 13 in Ranged Weapons
 15410 | Lair:5   | Reached skill level 11 in Invocations
 15499 | Lair:5   | Received a gift from Okawaru
 15687 | Lair:5   | Reached XP level 15. HP: 106/118 MP: 22/29
 15757 | Lair:5   | Found a corrupted altar of Lugonu.
 15757 | Lair:5   | Found a one-way gate to the infinite horrors of the Abyss.
 15953 | Lair:5   | Found a runed translucent door.
 15953 | Lair:5   | Found a viscous altar of Jiyva.
 15953 | Lair:5   | Found a staircase to the Slime Pits.
 15953 | Lair:5   | Noticed an azure jelly
 15953 | Lair:5   | Noticed an azure jelly
 16458 | Orc:2    | Entered Level 2 of the Orcish Mines
 16658 | Orc:2    | Noticed an orc warlord
 16703 | Arena    | Entered the Arena
 16724 | Arena    | Killed an orc warlord
 16724 | Arena    | Received a gift from Okawaru
 17159 | Orc:2    | Received a gift from Okawaru
 17201 | Orc:1    | Identified the +2 kite shield "Efopn" {Fly} (Okawaru gifted
                  | it to you on level 1 of the Orcish Mines)
 17201 | Orc:1    | Received a gift from Okawaru
 17303 | Orc:2    | Noticed an orc warlord
 17347 | Orc:2    | Killed an orc warlord
 17381 | Orc:2    | Reached skill level 9 in Conjurations
 17381 | Orc:2    | Reached skill level 9 in Hexes
 17381 | Orc:2    | Reached skill level 9 in Summonings
 17381 | Orc:2    | Reached skill level 9 in Necromancy
 17381 | Orc:2    | Reached skill level 9 in Translocations
 17381 | Orc:2    | Reached skill level 9 in Transmutations
 17381 | Orc:2    | Reached skill level 9 in Fire Magic
 17381 | Orc:2    | Reached skill level 9 in Ice Magic
 17381 | Orc:2    | Reached skill level 9 in Air Magic
 17381 | Orc:2    | Reached skill level 9 in Earth Magic
 17381 | Orc:2    | Reached skill level 9 in Poison Magic
 17477 | Orc:2    | Reached skill level 11 in Stealth
 17562 | Orc:2    | Identified the ring "Qiorajuk" {Fire Dex+3}
 17562 | Orc:2    | Noticed an orc warlord
 17603 | Arena    | Entered the Arena
 17615 | Arena    | Killed an orc warlord
 17703 | Orc:2    | HP: 25/117 [orc knight/+0 great sword (16)]
 17712 | Orc:2    | HP: 17/117 [two-headed ogre/+0 giant club (14)]
 17890 | Orc:2    | Found Xyih's General Store.
 17890 | Orc:2    | Found Edodic's Weapon Shop.
 17891 | Orc:2    | Found Oppaokk's General Store.
 17891 | Orc:2    | Found Fuerph's Antique Armour Emporium.
 17915 | Orc:2    | Found a staircase to the Elven Halls.
 18131 | Orc:2    | Identified the +1 pair of gloves of the Old World {rCorr
                  | Int+2}
 18299 | D:11     | Noticed Lodul
 18319 | D:11     | Killed Lodul
 18822 | D:11     | Reached skill level 11 in Short Blades
 18822 | D:11     | Reached skill level 11 in Long Blades
 18822 | D:11     | Reached skill level 11 in Axes
 18822 | D:11     | Reached skill level 11 in Maces & Flails
 18822 | D:11     | Reached skill level 11 in Polearms
 18822 | D:11     | Reached skill level 11 in Staves
 18822 | D:11     | Reached skill level 11 in Throwing
 18822 | D:11     | Reached skill level 11 in Armour
 18822 | D:11     | Reached skill level 11 in Shields
 18822 | D:11     | Reached skill level 11 in Unarmed Combat
 18822 | D:11     | Reached skill level 11 in Spellcasting
 18822 | D:11     | Reached skill level 11 in Evocations
 19080 | D:12     | Reached XP level 16. HP: 122/127 MP: 31/31
 19219 | D:12     | Reached skill level 12 in Invocations
 19406 | D:12     | Reached skill level 12 in Fighting
 19406 | D:12     | Reached skill level 12 in Dodging
 19532 | D:12     | Received a gift from Okawaru
 20141 | D:13     | Noticed Nessos
 20200 | D:13     | Noticed Azrael
 20224 | D:13     | Received a gift from Okawaru
 20230 | D:13     | HP: 3/127 [Azrael/bolt of fire (34)]
 20235 | D:13     | HP: 25/127 [vault guard/+0 war axe (11)]
 20244 | D:13     | HP: 24/127 [vault guard/+0 war axe (6)]
 20264 | D:13     | HP: 16/127 [Azrael/fireball (21)]
 20267 | D:13     | HP: 1/127 [efreet/bolt of fire (18)]
 20272 | D:13     | Killed from afar by an efreet

Illustrated notes

Levels and vault maps discovered:
D:1:      psy_arrival_radial02, layout_basic, minmay_hexomino_p4
D:2:      layout_basic, uniq_robin
D:3:      layout_loops_ring
D:4:      layout_gridville, tso_metal_star, cheibrodos_worm_habitat,
          uniq_grinder
D:5:      layout_loops_ring, tgw_kikubaaqudgha
D:6:      layout_loops_cross, nzn_hepliaklqana_mist_gate, jmf_multi_god_temple2,
          biasface_ghost_orc_armoury, uniq_maggie
D:7:      layout_gridville, minmay_temple_entry_hall,
          amcnicky_mini_rare_corridor_liquid, minmay_fractal_squares_gapless_5
D:8:      layout_basic, mainiacjoe_overflow_alcove_4, dpeg_oklobed_lair,
          nicolae_ossuary_entry_plus, uniq_prince_ribbit1, uniq_pikel
D:9:      layout_basic, kennysheep_orc_monster_closet_entryway, special_room
          [special_room_kobold], hangedman_misty_isle
D:10:     minmay_inner_zag, layout_long_grid, serial_shops,
          nicolae_shop_behind_doors
D:11:     layout_long_grid, nicolae_straight_to_the_point, uniq_lodul
D:12:     layout_cave_pods
D:13:     layout_rooms, lightli_vaults_fourway_checkpoint, uniq_azrael,
          uniq_nessos
Temple:   nicolae_temple_no_exploring_needed
Lair:1:   layout_long_grid, minivault_25, grunt_megastairs_3, lemuel_fruit_tree,
          uniq_urug
Lair:2:   layout_hall_layers, uniq_nergalle
Lair:3:   layout_gridlike, nicolae_shoals_entry_roost,
          minmay_snake_entry_six_corridors, portal_ice_cave_rime, serial_bayou,
          serial_bayou_shore_b, serial_bayou_crossing, serial_bayou_pond_e,
          serial_bayou_lagoon_a, patterned_corridor
Lair:4:   layout_cave_pods
Lair:5:   hellmonk_lair_end_abyssal_woods, layout_concentric_octagons,
          slime_entry_2, grunt_megastairs_2
Orc:1:    layout_caves
Orc:2:    st_orc_ogre_mass, layout_caves, minmay_orc_treasury

Skill      XL: |  1  2  3  4  5  6  7  8  9 10 11 12 13 14 15 16 |
---------------+-------------------------------------------------+-----
Invocations    | 1 2 5 6 7 8 9 10 11 12 | 12.1
Short Blades   | 1 2 5 6 7 8 9 10 11 | 11.2
Long Blades    | 1 2 5 6 7 8 9 10 11 | 11.2
Axes           | 1 2 5 6 7 8 9 10 11 | 11.2
Maces & Flails | 1 2 5 6 7 8 9 10 11 | 11.2
Polearms       | 1 2 5 6 7 8 9 10 11 | 11.2
Staves         | 1 2 5 6 7 8 9 10 11 | 11.2
Throwing       | 1 2 5 6 7 8 9 10 11 | 11.2
Armour         | 1 2 5 6 7 8 9 10 11 | 11.2
Shields        | 1 2 5 6 7 8 9 10 11 | 11.2
Unarmed Combat | 1 2 5 6 7 8 9 10 11 | 11.2
Spellcasting   | 1 2 5 6 7 8 9 10 11 | 11.2
Evocations     | 1 2 5 6 7 8 9 10 11 | 11.2
Conjurations   | 1 4 5 6 7 8 9 |  9.4
Hexes          | 1 4 5 6 7 8 9 |  9.4
Summonings     | 1 4 5 6 7 8 9 |  9.4
Necromancy     | 1 4 5 6 7 8 9 |  9.4
Translocations | 1 4 5 6 7 8 9 |  9.4
Transmutations | 1 4 5 6 7 8 9 |  9.4
Fire Magic     | 1 4 5 6 7 8 9 |  9.4
Ice Magic      | 1 4 5 6 7 8 9 |  9.4
Air Magic      | 1 4 5 6 7 8 9 |  9.4
Earth Magic    | 1 4 5 6 7 8 9 |  9.4
Poison Magic   | 1 4 5 6 7 8 9 |  9.4
Fighting       | 5 7 8 9 10 11 12 | 12.1
Dodging        | 5 7 8 9 10 11 12 | 12.1
Stealth        | 3 5 6 7 8 9 10 11 | 11.4
Ranged Weapons | 10 11 12 13 | 13.8

Action                   |  1- 3 |  4- 6 |  7- 9 | 10-12 | 13-15 | 16-18 || total
-------------------------+-------+-------+-------+-------+-------+-------++-------
 Fire: Shortbow          |    64 |    83 |   198 |   814 |  1795 |   199 ||  3153
       Sling             |       |       |       |       |       |    23 ||    23
Invok: Heroism           |       |       |       |     4 |    12 |     1 ||    17
       Finesse           |       |       |       |     1 |     9 |     1 ||    11
       Duel              |       |       |       |       |     2 |       ||     2
Evoke: Wand              |       |       |       |       |     1 |       ||     1
  Use: Scroll            |     6 |     5 |     8 |     8 |     3 |       ||    30
       Potion            |       |       |     1 |     1 |    13 |     5 ||    20
Armor: Leather armour    |     1 |     2 |    17 |   109 |   142 |    32 ||   303
       Chain mail        |       |       |       |       |   328 |       ||   328
Dodge: Dodged            |     7 |    10 |    66 |   431 |  1033 |    95 ||  1642

Table legend: (Time is in decaauts)
 A = Elapsed time spent in this place.
 B = Non-inter-level travel time spent in this place.
 C = Inter-level travel time spent in this place.
 D = Time resting spent in this place.
 E = Time spent auto-exploring this place.
 F = Levels seen in this place.
 G = Mean time per level.
                   A        B        C        D        E       F      G
               +--------+--------+--------+--------+--------+-----+--------+
         Total |  20054 |  19111 |    943 |    985 |  13742 |  25 |  802.2 |
       Dungeon |  10750 |  10127 |    623 |    239 |   8301 |  13 |  826.9 |
        Temple |     37 |     31 |      6 |      0 |     23 |   1 |   37.0 |
          Lair |   6065 |   5849 |    216 |    430 |   3942 |   5 | 1213.0 |
  Orcish Mines |   1999 |   1902 |     97 |    249 |    953 |   2 |  999.5 |
       Ossuary |    156 |    156 |      0 |      0 |     84 |   1 |  156.0 |
      Ice Cave |   1003 |   1003 |      0 |     67 |    439 |   1 | 1003.0 |
         Arena |     41 |     41 |      0 |      0 |      0 |   2 |   20.5 |
               +--------+--------+--------+--------+--------+-----+--------+

Top non-repeatable levels by time:
  Lair:3: 1718 daAuts
  Lair:5: 1381 daAuts
   Orc:2: 1168 daAuts
     D:9: 1145 daAuts
    D:12: 1038 daAuts
  Lair:1: 1037 daAuts
     D:1: 1036 daAuts
  Lair:2: 1023 daAuts
   IceCv: 1003 daAuts
     D:2: 919 daAuts
  Lair:4: 904 daAuts
    D:10: 899 daAuts
     D:7: 862 daAuts
     D:5: 843 daAuts
     D:4: 843 daAuts

Table legend:
 A = Kills in this place as a percentage of kills in entire the game.
 B = Kills by you in this place as a percentage of kills by you in the entire game.
 C = Kills by friends in this place as a percentage of kills by friends in the entire game.
 D = Other kills in this place as a percentage of other kills in the entire game.
 E = Experience gained in this place as a percentage of experience gained in the entire game.
 F = Experience gained in this place divided by the number of levels of this place that you have seen.
                   A       B       C       D       E      F
               +-------+-------+-------+-------+-------+----------------------
         Total | 100.0 | 100.0 |   N/A |   N/A | 100.0 | 5639.7
       Dungeon |  44.3 |  44.3 |   N/A |   N/A |  25.7 | 2787.5
          Lair |  25.6 |  25.6 |   N/A |   N/A |  45.2 | 12757.6
  Orcish Mines |  19.5 |  19.5 |   N/A |   N/A |  23.9 | 16818.0
       Ossuary |   3.4 |   3.4 |   N/A |   N/A |   0.2 | 258.0
      Ice Cave |   6.9 |   6.9 |   N/A |   N/A |   3.3 | 4705.0
         Arena |   0.3 |   0.3 |   N/A |   N/A |   1.7 | 1184.0
               +-------+-------+-------+-------+-------+----------------------
